AoeStats
← bibita

African Clearing

505493156Analyzed
3v3 RM · 23d ago on Sep 9, 2026· 35m 55s· 6 players
Game mode
Random Map
Map size
Normal (6 player)
Population
200
Speed
Normal
Resources
Standard
Victory
Conquest
Starting age
Dark Age
Ending age
Imperial Age
RankedLock teamsTeams togetherTeam positionsShared explorationLock speedFull tech treeHidden civsTurbo modeCheats
Victory
Defeat
🇨🇳 Koreans · China
1053
+15
🇩🇪 Georgians · Germany
1016
+16
🇵🇪 Vietnamese · Peru
1006
+17
🇪🇸 Dravidians · Spain
1114
-20
🇪🇸 Japanese · Spain
1102
-19
🇪🇸 Persians · Spain
849
-9
ConejoSilent
7:41 Loom
13:14 Feudal Age
13:44 Double-Bit Axe
21:27 Town Watch
22:30 Fletching
23:18 Scale Mail Armor
26:45 Castle Age
25:32 Gold Mining
25:25 Horse Collar
27:43 Bow Saw
27:44 Bodkin Arrow
29:18 Heavy Plow
33:41 Padded Archer Armor
33:49 Elite Skirmisher
35:23 Leather Archer Armor
Muninn77
8:45 Loom
15:55 Feudal Age
20:28 Castle Age
19:51 Double-Bit Axe
20:44 Gold Mining
20:16 Man-at-Arms
20:42 Arson
21:25 Long Swordsman
21:51 Gambesons
22:35 Squires
22:39 Scale Mail Armor
29:24 Pikeman
bibita
8:33 Loom
21:00 Feudal Age
26:40 Castle Age
29:58 Padded Archer Armor
31:19 Wheelbarrow
34:14 Scale Barding Armor
Der Betreuer
14:15 Feudal Age
12:32 Loom
16:57 Wheelbarrow
18:35 Horse Collar
22:51 Forging
25:48 Double-Bit Axe
25:55 Stone Mining
28:34 Castle Age
26:50 Bloodlines
27:20 Stone Mining
27:28 Town Watch
29:06 Light Cavalry
29:47 Husbandry
29:57 Scale Barding Armor
30:28 Iron Casting
29:46 Fletching
31:22 Hand Cart
32:09 Bow Saw
33:02 Heavy Plow
32:55 Gold Mining
35:03 Squires
34:30 Pikeman
泥融飞燕子
14:31 Feudal Age
18:44 Castle Age
17:25 Double-Bit Axe
18:34 Horse Collar
18:51 Stone Mining
18:53 Gold Mining
19:54 Bow Saw
20:01 Heavy Plow
21:49 Wheelbarrow
21:43 Heavy Plow
22:20 Loom
23:57 Stone Shaft Mining
24:27 Town Watch
25:40 Gold Mining
28:46 Gold Shaft Mining
28:52 Stone Shaft Mining
28:29 Fletching
28:40 Scale Mail Armor
28:50 Forging
29:28 Bodkin Arrow
29:57 Hand Cart
34:41 Imperial Age
32:32 Chain Mail Armor
32:27 Forging
33:09 Town Patrol
33:34 Squires
32:55 Pikeman
33:22 Gambesons
33:22 Arson
34:40 Ballistics
34:01 Treadmill Crane
34:35 Thumb Ring
36:02 Conscription
36:48 Two-Man Saw
MapacheZebra
6:03 Loom
16:18 Feudal Age
16:41 Man-at-Arms
17:25 Man-at-Arms
19:26 Double-Bit Axe
20:01 Arson
25:28 Castle Age
25:55 Wheelbarrow
26:33 Husbandry
33:12 Horse Collar
Connection lost

Rejoining the realm…

Still unreachable

The connection could not be restored.

Session expired

The server has moved on; the page needs a fresh start.